 Dungeon Crawl Stone Soup version 0.31.0-12-g77e489cdc1 (webtiles) character file.

Game seed: 2352065241519342728

432 Balder the Covered (level 6, -1/55 HPs)
             Began as a Minotaur Fighter on Feb 25, 2024.
             Was a Follower of Okawaru.
             Slain by a kobold brigand
             ... wielding a +0 short sword
              (2 damage)
             ... on level 6 of the Dungeon.
             The game lasted 00:13:22 (3108 turns).

Balder the Covered (Minotaur Fighter)               Turns: 3108, Time: 00:13:23

Health: -1/55      AC:  9    Str: 20    XL:     6   Next: 67%
Magic:  0/5        EV: 12    Int:  5    God:    Okawaru [*.....]
Gold:   256        SH:  8    Dex: 12    Spells: 5/5 levels left

rFire   x . .        a - +0 flail
rCold   + + .        c - +1 buckler
rNeg    . . .        v - +0 scale mail
rPois   .            (helmet restricted)
rElec   .            (no cloak)
rCorr   .            (no gloves)
SInv    .            (no boots)
Will    .....        l - amulet of guardian spirit Stlth
                     i - ring of ice
HPRegen 0.29/turn    u - ring of the Octopus King {rC+ HP+2 AC+2 EV+2 SH+2}
MPRegen 0.09/turn

%: guardian spirit
@: mighty
A: horns 2, retaliatory headbutt, sense surroundings 1
a: Renounce Religion, Heroism


You were on level 6 of the Dungeon.
You worshipped Okawaru.
Okawaru was aware of your devotion.
You visited 1 branch of the dungeon, and saw 6 of its levels.

You collected 256 gold pieces.

Inventory:

Hand Weapons
 a - a +0 flail (weapon)
 b - a +0 dagger of venom
Missiles
 g - 2 poisoned darts (quivered)
 q - 6 javelins
Armour
 c - a +1 buckler (worn)
 v - a +0 scale mail (worn)
Jewellery
 h - an amulet of magic regeneration
 i - a ring of ice (left hand)
 l - an amulet of guardian spirit (around neck)
 u - a ring of the Octopus King (right hand) {rC+ HP+2 AC+2 EV+2 SH+2}
   (You found it on level 4 of the Dungeon)

   [ring of protection from cold]

   AC+2:      It affects your AC (+2).
   EV+2:      It affects your evasion (+2).
   rC+:       It protects you from cold.
   HP+2:      It affects your health (+2).
   SH+2:      It affects your SH (+2).
Wands
 j - a wand of roots (4)
Scrolls
 f - a scroll of immolation
 k - a scroll of vulnerability {unknown}
 m - a scroll of fear {unknown}
 s - a scroll of poison {unknown}
 t - a scroll of teleportation {unknown}
 w - a scroll of fog {unknown}
Potions
 d - a potion of magic {unknown}
 e - a potion of resistance {unknown}
 o - a potion of might
 p - a potion of haste {unknown}
 r - a potion of berserk rage {unknown}


   Skills:
 * Level 4.6 Fighting
 * Level 0.7 Short Blades
 * Level 4.9 Maces & Flails
 * Level 1.4 Throwing
 * Level 5.0 Armour
 * Level 1.7 Dodging
 * Level 1.2 Stealth
 * Level 4.5 Shields
 * Level 1.1 Invocations
 - Level 0.5 Evocations


You had 5 spell levels left.
You didn't know any spells.
Your spell library contained the following spells:

 Spells                   Type           Power      Damage    Failure   Level
 Magic Dart               Conj           0%         1d3       87%         1
 Blink                    Tloc           0%         N/A       95%         2
 Dimensional Bullseye     Hex/Tloc       0%         N/A       100%        4
 Iskenderun's Mystic Bla  Conj/Tloc      0%         2d3       100%        4
 Eringya's Noxious Bog    Alch           0%         4d6       100%        6
 Call Imp                 Summ           Unusable   N/A       N/A         2
 Tukima's Dance           Hex            Unusable   N/A       N/A         3
 Summon Forest            Summ/Tloc      Unusable   N/A       N/A         5
 Summon Hydra             Summ           Unusable   N/A       N/A         7

Dungeon Overview and Level Annotations

Branches:
Dungeon (6/15)
 Temple: D:4-7

Altars:
Fedhas
Okawaru
Ru
Xom

Annotations:
D:3 2 transporters, Silvore's ghost, weakling MiFi
D:5 1 transporter


Innate Abilities, Weirdness & Mutations

You have a pair of horns on your head.
You reflexively headbutt those who attack you in melee.
You passively map a small area around you.


Message History

You closely miss the kobold brigand.
The kobold brigand is lightly wounded.
You feel sick.
You are no longer poisoned.
The kobold brigand hits you with a +0 short sword. x2
You closely miss the kobold brigand.
Your headbutt misses the kobold brigand.
The kobold brigand is lightly wounded.
The kobold brigand misses you.
You miss the kobold brigand.
The kobold brigand is lightly wounded.
The kobold brigand misses you.
The kobold brigand hits you with a +0 short sword!
* * * LOW HITPOINT WARNING * * *
You closely miss the kobold brigand.
The kobold brigand is lightly wounded.
The kobold brigand hits you with a +0 short sword.
* * * LOW HITPOINT WARNING * * *
The kobold brigand hits you with a +0 short sword.
* * * LOW HITPOINT WARNING * * *
Unknown command.
It was a potion of mutation.
You feel extremely strange.
You feel a strange attunement to the structure of the dungeons.
You feel weirdly uncertain.
You feel stable.
The kobold brigand hits you with a +0 short sword.
* * * LOW HITPOINT WARNING * * *
You feel very mighty all of a sudden. The kobold brigand misses you.
The kobold brigand hits you but does no damage.
You closely miss the kobold brigand.
The kobold brigand is lightly wounded.
You feel yourself speed up.
The kobold brigand hits you with a +0 short sword.
* * * LOW HITPOINT WARNING * * *
The kobold brigand closely misses you. You furiously retaliate!
You headbutt the kobold brigand! You closely miss the kobold brigand.
You headbutt the kobold brigand!
The kobold brigand is almost dead.
The kobold brigand hits you with a +0 short sword.
You die...

##......#...#.....
#...≈.≈.......≈.≈.
#........≈.≈......
#..#...#.....#...#
#..))≈....#....≈..
#.5#...#.....#...#
#K.......≈.≈......
#K#.≈.≈.......≈.≈.
#@#.....#...#.....
#.##.#....≈...)#..
#.......#...#.....
###.#.≈...#...≈.≈.
#.....#####.....
##..... .......
###############


You could see a kobold brigand, an ufetubus and a kobold.

Vanquished Creatures
  A black bear (D:6)
  A scorpion (D:4)
  A hound (D:5)
  Jessica (D:2)
  An iguana (D:5)
  7 adders
  7 gnolls (D:3)
  2 dart slugs
  A ribbon worm (D:2)
  4 orcs
  4 endoplasms
  2 giant cockroaches
  10 hobgoblins
  2 quokkas (D:3)
  4 ball pythons
  6 bats
  3 frilled lizards
  4 goblins
  4 kobolds
  7 rats
72 creatures vanquished.

Notes
Turn   | Place    | Note
-------+----------+-------------------------------------------
     0 | D:1      | Balder the Minotaur Fighter began the quest for the Orb.
     0 | D:1      | Reached XP level 1. HP: 19/19 MP: 0/0
   139 | D:1      | Reached XP level 2. HP: 26/27 MP: 1/1
   183 | D:1      | You fall into a shaft and drop 1 floor!
   204 | D:2      | Noticed Jessica
   215 | D:2      | Reached skill level 4 in Armour
   216 | D:2      | Reached XP level 3. HP: 24/33 MP: 2/2
   222 | D:2      | Killed Jessica
   470 | D:2      | Reached XP level 4. HP: 40/40 MP: 3/3
   768 | D:2      | Reached skill level 1 in Dodging
  1218 | D:3      | Found a transporter.
  1220 | D:3      | Noticed Silvore's ghost (weakling MiFi)
  1220 | D:3      | Identified the +2 dire flail "Moirph" {venom, rPois rC+
                  | MP+9}
  1220 | D:3      | Noticed an ogre
  1221 | D:3      | Found a transporter.
  1397 | D:3      | Found a shimmering altar of Xom.
  1479 | D:3      | Found an iron altar of Okawaru.
  1494 | D:3      | Became a worshipper of Warmaster Okawaru
  1510 | D:3      | Reached XP level 5. HP: 34/46 MP: 4/4
  2116 | D:4      | Reached skill level 1 in Throwing
  2211 | D:4      | Found a sacrificial altar of Ru.
  2476 | D:4      | Reached skill level 1 in Stealth
  2480 | D:4      | Reached XP level 6. HP: 43/53 MP: 5/5
  2536 | D:4      | Found the ring of the Octopus King
  2553 | D:4      | Identified a ring of the Octopus King {rC+ HP+2 AC+2 EV+2
                  | SH+2}
  2630 | D:4      | Found a blossoming altar of Fedhas.
  2908 | D:5      | Entered Level 5 of the Dungeon
  2933 | D:5      | Reached * piety under Okawaru
  2966 | D:5      | Reached skill level 1 in Invocations
  3001 | D:5      | Found a transporter.
  3098 | D:6      | Reached skill level 5 in Armour
  3105 | D:6      | Gained mutation: You passively map a small area around you.
                  | [potion of mutation]
  3105 | D:6      | Gained mutation: You are occasionally teleported next to
                  | monsters. [potion of mutation]
  3105 | D:6      | Lost mutation: You are occasionally teleported next to
                  | monsters. [potion of mutation]
  3107 | D:6      | HP: 1/55 [kobold brigand/+0 short sword (3)]
  3108 | D:6      | Slain by a kobold brigand

Illustrated notes

Levels and vault maps discovered:
D:1:      kennysheep_arrival_forest, layout_basic, serial_shops, shop
D:2:      layout_basic, serial_rivers, chequers_serial_rivers_micro_a,
          chequers_serial_rivers_room_b, chequers_serial_rivers_micro_a,
          chequers_serial_rivers_micro_b, chequers_serial_rivers_room_a,
          chequers_serial_rivers_micro_d, wander_ebering_terrifying_dragon_lair,
          uniq_jessica
D:3:      layout_basic, mainiacjoe_overflow_boulevard, lemuel_doored_altar,
          gammafunk_ghost_smash, grunt_ministairs_3,
          nicolae_elevator_lobby_asterisk
D:4:      layout_basic, mainiacjoe_overflow_alcove_1, old_standard_altar,
          serial_corexii_hall, chequers_hall_statues_corner_a,
          chequers_hall_statues_corner_a, chequers_hall_statues_wall_a,
          skrybe_limestone_x, hangedman_decor_opposing
D:5:      layout_basic, minmay_temple_entry_sparse_star, gammafunk_ghost_hive,
          fountainhead, pf_guarded_unrand_woodcutter
D:6:      layout_basic, cheibriados_altar_1, mainiacjoe_overflow_swirl,
          serial_shops, shop, nicolae_kite_square_tiling_tiny,
          serial_library_hellmonk_open_cross, minmay_misc_feat_tiny

Skill      XL: |  1  2  3  4  5  6 |
---------------+-------------------+-----
Fighting       | 4 |  4.6
Armour         | 4 5 |  5.0
Shields        | 4 |  4.5
Maces & Flails | 3 4 |  4.9
Dodging        | 1 |  1.7
Throwing       | 1 |  1.4
Stealth        | 1 |  1.2
Invocations    | 1 |  1.1
Short Blades   | |  0.7
Evocations     | |  0.5

Action                     |  1- 3 |  4- 6 || total
---------------------------+-------+-------++-------
  Melee: Flail             |    37 |   131 ||   168
         Headbutt          |     3 |    17 ||    20
  Throw: Dart              |     5 |     7 ||    12
  Evoke: Wand              |       |     4 ||     4
    Use: Potion            |     1 |     2 ||     3
         Scroll            |       |     2 ||     2
 Armour: Scale mail        |    20 |   112 ||   132
  Dodge: Dodged            |    23 |    60 ||    83
  Block: Buckler           |     5 |    47 ||    52
